Map: Orbital Shipyard

Players

MorroW

  • Race: Protoss Protoss
  • League: Master

Elazer - Winner!

  • Race: Zerg Zerg
  • League: Grandmaster

Event: NationWars III

VOD

Have the link to the VOD?

Description

Time

  • Played on: Dec. 5, 2015, 11:51 a.m.
  • Length: 8:42
Show
View Real Time Build Order
Export as new Build Order

MorroW Protoss 

Build Orders: Nexus First 

Get SALT Encoding   

  12  0:01  Probe (Chrono Boost)  
  13  0:11  Probe (Chrono Boost)  
  14  0:19  Pylon  
  14  0:22  Probe (Chrono Boost)  
  15  0:37  Probe (Chrono Boost)  
  16  0:47  Probe (Chrono Boost)  
  17  0:57  Nexus  
  17  1:06  Gateway  
  17  1:10  Probe (Chrono Boost)  
  18  1:15  Assimilator  
  18  1:21  Probe (Chrono Boost)  
  19  1:28  Assimilator  
  19  1:31  Probe (Chrono Boost)  
  20  1:42  Probe (Chrono Boost)  
  20  1:46  Gateway  
  21  1:53  Probe (Chrono Boost)  
  22  1:55  Cybernetics Core  
  22  2:03  Probe (Chrono Boost)  
  25  2:09  Probe (Chrono Boost)  
  25  2:14  Probe (Chrono Boost)  
  27  2:19  Probe (Chrono Boost)  
  28  2:24  Probe (Chrono Boost)  
  28  2:28  Pylon  
  30  2:30  Probe (Chrono Boost)  
  30  2:34  Probe (Chrono Boost), Adept (Chrono Boost)  
  30  2:35  Adept (Chrono Boost)  
  33  2:38  Warp Gate  
  33  2:41  Probe  
  34  2:47  Mothership Core (Chrono Boost)  
  36  2:54  Probe (Chrono Boost)  
  37  3:03  Pylon  
  38  3:05  Probe (Chrono Boost)  
  38  3:07  Probe (Chrono Boost)  
  38  3:08  Sentry  
  38  3:09  Sentry  
  43  3:16  Probe (Chrono Boost)  
  43  3:18  Probe (Chrono Boost)  
  45  3:24  Forge  
  45  3:27  Probe (Chrono Boost)  
  46  3:28  Probe (Chrono Boost)  
  47  3:37  Probe (Chrono Boost)  
  47  3:38  Adept x2, Pylon  
  47  3:39  Probe (Chrono Boost)  
  53  3:45  Assimilator  
  53  3:46  Assimilator  
  53  3:48  Probe (Chrono Boost)  
  54  3:56  Probe (Chrono Boost), Protoss Ground Weapons Level 1 (Chrono Boost)  
  54  4:00  Probe, Pylon  
  56  4:07  Probe  
  56  4:08  Nexus  
  57  4:13  Probe  
  58  4:20  Probe, Robotics Facility  
  58  4:24  Probe  
  60  4:32  Probe  
  60  4:34  Probe  
  60  4:35  Pylon  
  62  4:38  Pylon  
  62  4:44  Probe  
  62  4:45  Twilight Council  
  62  4:49  Stalker x2, Probe  
  67  4:56  Probe  
  67  4:59  Probe  
  69  5:08  Probe  
  69  5:10  Probe, Warp Prism  
  73  5:15  Gateway  
  73  5:16  Gateway x2  
  73  5:20  Probe  
  74  5:23  Gateway  
  74  5:25  Protoss Ground Weapons Level 2 (Chrono Boost)  
  74  5:28  Probe x2  
  74  5:32  Probe, Adept x2  
  81  5:46  Probe  
  81  5:47  Probe  
  83  5:50  Pylon  
  83  5:53  Pylon  
  83  5:57  Adept x2  
  83  6:00  Charge (Chrono Boost)  
  87  6:13  Gateway  
  87  6:14  Immortal, Gateway  
  87  6:17  Gateway x2  
  87  6:22  Templar Archives  
  91  6:25  Probe  
  91  6:26  Probe  
  93  6:34  Zealot x3  
  99  6:44  Zealot  
  99  6:45  Zealot x2  
  105  6:48  Immortal, Pylon x4  
  105  6:49  Assimilator  
  105  6:50  Assimilator  
  109  7:05  Zealot x2  
  113  7:09  Pylon x2  
  113  7:14  Zealot  
  113  7:15  Zealot x3  
  79  7:31  Zealot  
  79  7:32  Zealot x4  
  74  7:37  Zealot  
  74  7:38  Zealot x8  
  78  7:52  Probe x2  
  78  7:55  Mothership Core  
  78  7:58  High Templar x8  
  64  8:00  Zealot x2  
  64  8:02  Pylon, Archon x2  
  64  8:03  Archon x2  
  64  8:04  Probe x2, Pylon  
  83  8:12  Pylon  
  83  8:16  Probe x2  
  85  8:24  Zealot x2  
  85  8:25  Probe  
  69  8:28  Probe x2  
  69  8:33  Zealot x2  
  60  8:34  Pylon  
  60  8:35  Pylon  
Show
View Real Time Build Order
Export as new Build Order

Elazer Zerg - Winner!

Build Orders: Hatch First 

Get SALT Encoding   

  12  0:00  Drone  
  13  0:12  Overlord  
  13  0:17  Drone  
  14  0:30  Drone  
  14  0:31  Drone  
  14  0:35  Drone  
  17  0:52  Hatchery  
  17  0:54  Drone  
  17  0:57  Drone  
  18  1:08  Extractor  
  17  1:11  Spawning Pool  
  17  1:14  Drone  
  17  1:18  Drone  
  18  1:28  Drone  
  19  1:39  Overlord  
  19  1:51  Drone  
  20  1:58  Queen  
  20  2:00  Zergling x2  
  23  2:03  Queen  
  23  2:04  Drone  
  23  2:08  Metabolic Boost  
  26  2:22  Hatchery  
  25  2:25  Drone  
  25  2:26  Drone  
  25  2:29  Drone  
  28  2:33  Drone  
  29  2:39  Queen  
  29  2:42  Drone  
  32  2:46  Overlord  
  32  2:48  Drone  
  32  2:51  Drone  
  34  2:56  Drone  
  35  3:00  Drone  
  36  3:06  Drone x2  
  36  3:10  Drone x2  
  36  3:11  Overlord  
  36  3:12  Drone  
  40  3:19  Zergling x6  
  43  3:26  Zergling x2  
  44  3:30  Drone  
  45  3:39  Drone  
  45  3:40  Extractor  
  45  3:41  Drone x2  
  47  3:42  Extractor  
  47  3:43  Drone  
  47  3:44  Drone  
  48  3:49  Overlord  
  48  3:50  Drone x3  
  48  3:51  Drone x2  
  53  3:56  Drone x3  
  56  4:03  Roach Warren  
  56  4:04  Drone  
  56  4:06  Drone x2  
  58  4:10  Lair  
  58  4:13  Evolution Chamber  
  57  4:17  Overlord  
  57  4:22  Drone x2  
  59  4:25  Drone  
  60  4:32  Drone x2  
  60  4:33  Drone x3  
  60  4:34  Drone  
  60  4:36  Overlord  
  66  4:41  Zerg Missile Weapons Level 1  
  65  4:47  Overlord  
  65  4:50  Extractor  
  65  4:52  Drone  
  65  4:57  Drone x3  
  65  4:58  Drone  
  65  4:59  Overlord  
  69  5:01  Roach x2  
  69  5:05  Overlord  
  73  5:08  Roach x3  
  73  5:09  Glial Reconstitution  
  79  5:16  Extractor  
  79  5:21  Drone x4  
  81  5:22  Drone  
  81  5:24  Roach x2  
  87  5:29  Hatchery  
  87  5:32  Overlord x3  
  87  5:34  Roach x5  
  96  5:36  Ravager  
  96  5:38  Overlord x2  
  97  5:52  Roach x3  
  97  5:55  Roach x4  
  111  6:01  Overlord  
  111  6:02  Roach  
  111  6:03  Roach x6  
  125  6:10  Drone, Extractor  
  125  6:14  Drone x2  
  127  6:21  Drone  
  127  6:22  Overlord  
  127  6:24  Roach x2  
  132  6:27  Roach  
  132  6:28  Roach x5  
  144  6:33  Overlord  
  144  6:41  Roach x3  
  144  6:46  Ravager  
  144  6:47  Ravager x5  
  156  6:49  Overlord x2  
  156  6:52  Ravager  
  157  6:55  Drone x5  
  157  6:58  Ravager  
  163  7:04  Drone x2  
  163  7:08  Overlord  
  165  7:09  Drone x2  
  166  7:17  Roach  
  166  7:18  Roach x6  
  166  7:25  Roach x4  
  166  7:29  Queen  
  168  7:34  Roach x5  
  168  7:35  Roach  
  170  7:39  Roach  
  170  7:40  Roach x2  
  170  7:43  Roach  
  163  7:51  Roach x4  
  163  7:56  Ravager  
  163  7:59  Roach x3  
  163  8:02  Extractor  
  163  8:03  Overlord, Drone x2  
  163  8:04  Drone  
  163  8:05  Drone x2, Extractor  
  170  8:06  Drone  
  173  8:17  Hatchery  
  170  8:22  Roach x6  
  170  8:25  Ravager x2  
Tags
 
Add a new tag
Caveats
  • Supply blocks, unpowered buildings, or Contaminate may cause inaccurate times.
  • Supply counts are checked every 10 seconds.